 Dungeon Crawl Stone Soup version 0.21-a0-538-gd16b88a (webtiles) character file.

7338 Amnesiac the Slinger (level 11, -10/70 HPs)
             Began as a Halfling Fighter on Dec 16, 2017.
             Was a High Priest of Okawaru.
             Splashed by Harold's acid (12 damage)
             ... on level 10 of the Dungeon.
             The game lasted 00:24:48 (10080 turns).

Amnesiac the Slinger (Halfling Fighter)            Turns: 10080, Time: 00:24:49

Health: -10/70     AC:  2    Str: 20    XL:     11   Next: 35%
Magic:  17/17      EV: 10    Int:  6    God:    Okawaru [*****.]
Gold:   526        SH:  7    Dex: 15    Spells: 10/10 levels left

rFire    + . .     SeeInvis .   a - +1 short sword (venom)
rCold    + . .     Gourm    .   g - +0 buckler
rNeg     + . .     Faith    .   m - +0 plate armour
rPois    .         Spirit   .   (no helmet)
rElec    .         Reflect  .   I - scarf {rC+ rF+}
rCorr    .         Harm     .   i - +0 pair of gloves
MR       .....                  C - +0 pair of boots
Stlth    ..........             L - amulet of rage
HPRegen  0.21/turn              w - ring of positive energy
MPRegen  0.15/turn              (no ring)

@: corroded
A: small, mutation resistance 1
a: Heroism, Finesse, Renounce Religion, Evoke Berserk Rage


You were on level 10 of the Dungeon.
You worshipped Okawaru.
Okawaru was extremely pleased with you.
You were not hungry.

You visited 1 branch of the dungeon, and saw 10 of its levels.

You collected 526 gold pieces.

Inventory:

Hand Weapons
 a - a +1 short sword of venom (weapon)
 b - a +0 hunting sling
 o - a +1 rapier
 G - a +0 dagger of venom
Missiles
 p - 71 sling bullets
 r - 382 stones (quivered)
 M - 6 needles of confusion
Armour
 c - a +0 shield
 g - a +0 buckler (worn)
 i - a +0 pair of gloves (worn)
 m - a +0 plate armour (worn)
 C - a +0 pair of boots (worn)
 I - a scarf of resistance (worn)
Jewellery
 n - an uncursed ring of teleportation
 w - a ring of positive energy (left hand)
 L - an amulet of rage (around neck)
Wands
 y - a wand of flame (16)
Scrolls
 d - 12 scrolls of identify {!r}
 e - 2 scrolls of magic mapping {!r}
 h - 6 scrolls of teleportation {!r}
 t - a scroll of blinking {!r}
 v - 2 scrolls of fear {!r, unknown}
 A - a scroll of enchant weapon {!r}
 D - 4 scrolls of remove curse {!r}
 F - a scroll of vulnerability {!r, unknown}
 H - a scroll of summoning {!r, unknown}
 J - a scroll of random uselessness {!r, unknown}
Potions
 k - 2 potions of curing {!q}
 q - 2 potions of ambrosia {!q}
 s - a potion of lignification {!q, unknown}
 u - a potion of mutation {!q}
 z - a potion of brilliance {!q, unknown}
 E - a potion of berserk rage {!q}
Books
 B - a book of Flames

   Spells                             Type                      Level
   a - Flame Tongue                   Conjuration/Fire             1
   b - Throw Flame                    Conjuration/Fire             2
   c - Conjure Flame                  Conjuration/Fire             3
   d - Inner Flame                    Hexes/Fire                   3
   e - Sticky Flame                   Conjuration/Fire             4
   f - Fireball                       Conjuration/Fire             5
Comestibles
 f - 6 bread rations
 j - 11 fruits
 l - 4 meat rations
 x - 4 royal jellies


   Skills:
 * Level 4.7 Fighting
 - Level 4.0 Short Blades
 + Level 14.1 Slings
 * Level 4.7 Armour
 * Level 4.7 Dodging
 - Level 7.0 Shields
 - Level 9.0 Invocations
 - Level 4.0 Evocations


You had 10 spell levels left.
You didn't know any spells.

Dungeon Overview and Level Annotations

Branches:
Dungeon (10/15)            Temple (0/1) D:5
   Lair: D:8-11         Orc: D:9-12

Altars:
Cheibriados
Gozag
Hepliaklqana
Makhleb
Nemelex Xobeh
Okawaru
Qazlal
Uskayaw
Wu Jian
Yredelemnul
Beogh

Shops:
D:6 (

Annotations:
D:10 Harold


Innate Abilities, Weirdness & Mutations

You are small and have problems with some larger weapons.
You are somewhat resistant to further mutation.


Message History

Harold hits you but does no damage.
You closely miss Harold.
Harold is moderately wounded.
Harold zaps a wand.
The bolt of acid misses you.
You puncture Harold!
Harold looks as sick as possible!
Harold is heavily wounded.
Harold closely misses you. Harold hits you but does no damage.
You climb upwards.
There is a stone staircase leading down here.
You hit Harold but do no damage.
Harold is heavily wounded.
You hit Harold.
Harold looks as sick as possible!
Harold is severely wounded.
Harold gestures at you while chanting. The bolt of fire hits you! You resist.
Harold says, "I was hoping my final job would be more of a challenge, but money is money."
Harold zaps a wand.
The bolt of acid hits you! The acid corrodes you!
You are splashed with acid!
The acid burns!
You climb downwards.
There is a stone staircase leading up here.
You can't go down here!
Harold barely misses you.
You climb upwards.
There is a stone staircase leading down here.
Harold zaps a wand.
The bolt of acid hits you!
* * * LOW HITPOINT WARNING * * *
The acid corrodes you!
You are splashed with acid!
The acid burns!
* * * LOW HITPOINT WARNING * * *
You climb downwards.
There is a stone staircase leading up here.
You hit Harold but do no damage.
Harold looks as sick as possible!
Harold is almost dead.
Harold casts a spell at you. The bolt of fire hits you! You resist.
* * * LOW HITPOINT WARNING * * *
Really quaff
K - a potion of heal wounds {!q}?
You feel much better.
Harold mumbles some strange words.
Harold blinks!
You hit Harold but do no damage.
Harold looks as sick as possible!
Harold is almost dead.
Harold hits you with a short sword.
* * * LOW HITPOINT WARNING * * *
You hit Harold.
Harold looks as sick as possible!
Harold is almost dead.
Harold hits you with a short sword.
* * * LOW HITPOINT WARNING * * *
Your plate armour prevents you from hitting Harold.
Harold is almost dead.
You block Harold's attack.
Okay, then.
Unknown command.
Okay, then.
Evoke which item? (* to show all) (? for menu, Esc to quit)
Aiming: Throw Flame
Press: ? - help, Shift-Dir - straight line, f - Harold
Aim: Harold, wielding a short sword, wearing a ring mail and carrying a wand of acid (5) (almost dead, poisoned)
The puff of flame hits Harold.
Harold is almost dead.
Harold zaps a wand.
The bolt of acid hits you!
* * * LOW HITPOINT WARNING * * *
The acid corrodes you!
You are splashed with acid!
The acid burns!
You die...

... #.## #<.## ##..#
#####(# #).(...
##+######### #......
#..........# #......
+.....@@...# ###......
#>.........#####.'......
#..........'.....#......
#..........#######......
#..........# #......
#..........# #......
####'####### #......
#....## #####+# ####..#


You could see Harold.

Vanquished Creatures
  3 two-headed ogres
  A troll (D:9)
  2 hippogriffs (D:9)
  Sigmund (D:4)
  Eustachio (D:4)
  A hungry ghost (D:9)
  Menkaure (D:4)
  Edmund (D:5)
  A water moccasin (D:6)
  Duvessa (D:3)
  7 orc warriors
  A sky beast (D:8)
  3 ice beasts
  2 phantoms
  The ghost of Scuka the Slasher, an amateur BaFi (D:3)
  2 ogres
  4 centaurs
  A necrophage (D:8)
  A big kobold (D:8)
  Blork the orc (D:6)
  9 bullfrogs
  Dowan (D:3)
  2 scorpions
  4 wights (D:8)
  3 crimson imps
  A centaur zombie (D:5)
  A bullfrog zombie (D:5)
  A quasit (D:9)
  4 hounds
  A jelly (D:9)
  3 orc priests
  A centaur skeleton (D:9)
  6 orc wizards
  A bullfrog skeleton (D:4)
  4 worker ants
  A killer bee zombie (D:7)
  A hound zombie (D:6)
  2 hound skeletons (D:4)
  3 gnolls (D:4)
  13 adders
  A shadow imp (D:8)
  An ooze (D:1)
  2 adder skeletons
  2 worms (D:4)
  2 dart slugs
  3 leopard geckos
  39 orcs
  3 bats (D:1)
  4 giant cockroaches
  5 goblins
  8 hobgoblins
  3 jackals (D:6)
  3 quokkas
  2 ball pythons
  3 frilled lizards
  15 kobolds
  2 leopard gecko skeletons (D:4)
  2 leopard gecko zombies
  A quokka zombie (D:8)
  4 rats
203 creatures vanquished.

Notes
Turn   | Place    | Note
-------+----------+-------------------------------------------
     0 | D:1      | Amnesiac the Halfling Fighter began the quest for the Orb.
     0 | D:1      | Reached XP level 1. HP: 15/15 MP: 1/1
   106 | D:1      | Reached skill level 1 in Dodging
   207 | D:1      | Reached XP level 2. HP: 16/20 MP: 2/2
   609 | D:1      | Reached XP level 3. HP: 25/25 MP: 3/3
   827 | D:2      | Reached XP level 4. HP: 6/30 MP: 4/4
  1468 | D:3      | Found an iron altar of Okawaru.
  1476 | D:3      | Became a worshipper of Warmaster Okawaru
  1523 | D:3      | Noticed Scuka's ghost (amateur BaFi)
  1758 | D:3      | Killed Scuka's ghost
  1758 | D:3      | Reached XP level 5. HP: 36/36 MP: 5/5
  1961 | D:3      | Reached XP level 6. HP: 41/42 MP: 6/6
  2062 | D:3      | Found a hazy altar of Hepliaklqana.
  2273 | D:4      | Noticed Eustachio
  2302 | D:4      | Noticed Duvessa
  2302 | D:4      | Noticed Dowan
  2318 | D:3      | Killed Duvessa
  2318 | D:3      | Reached * piety under Okawaru
  2318 | D:3      | Reached skill level 2 in Slings
  2319 | D:3      | Killed Dowan
  2319 | D:3      | Reached skill level 1 in Invocations
  2335 | D:3      | HP: 2/42 [poisoned by Duvessa]
  2536 | D:4      | Reached XP level 7. HP: 46/46 MP: 7/7
  2548 | D:4      | Reached skill level 3 in Slings
  2606 | D:4      | Reached skill level 4 in Slings
  2827 | D:4      | Noticed Menkaure
  2837 | D:5      | Entered Level 5 of the Dungeon
  3036 | D:5      | Found a stormy altar of Qazlal.
  3198 | D:4      | Killed Eustachio
  3198 | D:4      | Reached ** piety under Okawaru
  3198 | D:4      | Reached skill level 5 in Slings
  3198 | D:4      | Reached XP level 8. HP: 20/54 MP: 8/10
  3345 | D:4      | Found a snail-covered altar of Cheibriados.
  3399 | D:4      | Noticed Sigmund
  3405 | D:4      | Killed Menkaure
  4282 | D:4      | Found a snail-covered altar of Cheibriados.
  4391 | D:4      | Killed Sigmund
  4391 | D:4      | Reached skill level 6 in Slings
  4467 | D:5      | Found a staircase to the Ecumenical Temple.
  4565 | D:5      | Noticed Edmund
  4621 | D:5      | Killed Edmund
  4621 | D:5      | Reached skill level 7 in Slings
  4778 | D:5      | Reached skill level 5 in Shields
  4778 | D:5      | Reached XP level 9. HP: 46/58 MP: 11/11
  4809 | D:5      | Found a basalt altar of Yredelemnul.
  4968 | D:5      | Found a hide-covered altar of Uskayaw.
  5021 | D:5      | Found a burning altar of Makhleb.
  5026 | D:5      | Found a sparkling altar of Nemelex Xobeh.
  5122 | D:6      | Found an opulent altar of Gozag.
  5146 | D:6      | Reached skill level 8 in Slings
  5235 | D:6      | Found Gusukh's Antique Weapon Shoppe.
  5310 | D:6      | Reached *** piety under Okawaru
  5339 | D:6      | Reached skill level 9 in Slings
  5628 | D:6      | Noticed Blork the orc
  5644 | D:6      | Killed Blork the orc
  5764 | D:6      | Reached skill level 5 in Invocations
  6227 | D:7      | Reached skill level 10 in Slings
  6466 | D:7      | Reached XP level 10. HP: 29/63 MP: 14/14
  6709 | D:7      | Reached **** piety under Okawaru
  6709 | D:7      | Reached skill level 11 in Slings
  7251 | D:7      | Found an ornate altar of the Wu Jian Council.
  7612 | D:8      | Found a runed door.
  7738 | D:8      | Reached skill level 12 in Slings
  8555 | D:8      | Noticed a two-headed ogre
  8624 | D:8      | Killed a two-headed ogre
  8624 | D:8      | Reached skill level 13 in Slings
  8821 | D:8      | Found a roughly hewn altar of Beogh.
  8895 | D:9      | Reached ***** piety under Okawaru
  9060 | D:9      | Reached XP level 11. HP: 66/69 MP: 16/16
  9095 | D:9      | Reached skill level 14 in Slings
  9273 | D:9      | Noticed a two-headed ogre
  9312 | D:9      | Killed a two-headed ogre
  9589 | D:9      | Received a gift from Okawaru
  9625 | D:9      | Noticed a two-headed ogre
  9648 | D:9      | Killed a two-headed ogre
  9730 | D:10     | Entered Level 10 of the Dungeon
  9773 | D:10     | Noticed Harold
 10080 | D:10     | HP: 2/70 [Harold/wand of acid (5) (16)]
 10080 | D:10     | Splashed by Harold's acid

Vault maps used:
D:1:      dpeg_arrival_pits, hex_medium, minmay_misc_feat_pillars
D:3:      nicolae_overflow_crystal_walls, old_standard_altar, first_bread
D:4:      kennysheep_little_box, minmay_unequal, uniq_duvessa, uniq_sigmund,
          uniq_menkaure, uniq_eustachio
D:5:      marbit_many_paths, lemuel_crystal_altar, lemuel_crystal_altar,
          nicolae_overflow_hidden_temple, minmay_temple_entry_fiery, uniq_edmund
D:6:      overflow_temple_1_default, serial_shops, shop_fountains,
          uniq_blork_the_orc
D:7:      kennysheep_mini
D:8:      lemuel_ice_spiral_2, lightli_church_of_beogh
D:10:     orc_0_dummy, grunt_livestock, uniq_harold, uniq_nergalle

Skill      XL: |  1  2  3  4  5  6  7  8  9 10 11 |
---------------+----------------------------------+-----
Dodging        | 1 2 3 4 |  4.7
Fighting       | 3 4 |  4.7
Armour         | 4 |  4.7
Short Blades   | 3 4 |  4.0
Slings         | 2 5 7 10 13 14 | 14.1
Shields        | 4 5 6 7 |  7.0
Invocations    | 1 2 3 5 7 9 |  9.0
Evocations     | 3 4 |  4.0

Action                   |  1- 3 |  4- 6 |  7- 9 | 10-12 || total
-------------------------+-------+-------+-------+-------++-------
Melee: Rapier            |   121 |    95 |       |       ||   216
       Short sword       |       |     5 |   432 |   395 ||   832
 Fire: Hunting sling     |       |     3 |    46 |    68 ||   117
Throw: Stone             |       |       |       |     1 ||     1
Evoke: Wand              |       |       |     6 |     2 ||     8
  Use: Potion            |       |    11 |       |     2 ||    13
       Scroll            |       |     8 |       |       ||     8
  Eat: Chunk             |       |     5 |    11 |    14 ||    30
       Fruit             |       |       |     3 |       ||     3
Armor: Scale mail        |     3 |       |       |       ||     3
       Plate armour      |    52 |    52 |   180 |   187 ||   471
       Chain mail        |     7 |       |       |       ||     7
Dodge: Dodged            |    25 |    26 |   164 |   164 ||   379
Block: Shield            |    81 |    41 |    51 |       ||   173
       Buckler           |       |       |    87 |   124 ||   211

Table legend:
 A = Spawn XP
 B = Non-spawn XP
 C = Spawn XP percentage of total XP
 D = Spawn monster count
 E = Non-spawn monster count
 F = Spawn count percentage of total count
 G = Total turns spent on level
                    A         B        C        D         E        F      G
               +---------+---------+-------+---------+---------+-------+---------
         Total |       0 |   10483 |   0.0 |       0 |     203 |   0.0 | 10080
               +---------+---------+-------+---------+---------+-------+---------
           D:1 |       0 |      31 |   0.0 |       0 |      16 |   0.0 |   658
           D:2 |       0 |      71 |   0.0 |       0 |      14 |   0.0 |   976
           D:3 |       0 |     396 |   0.0 |       0 |      17 |   0.0 |   845
           D:4 |       0 |     970 |   0.0 |       0 |      25 |   0.0 |  1646
           D:5 |       0 |     621 |   0.0 |       0 |      11 |   0.0 |   938
           D:6 |       0 |    1345 |   0.0 |       0 |      29 |   0.0 |  1145
           D:7 |       0 |     969 |   0.0 |       0 |      15 |   0.0 |  1057
           D:8 |       0 |    2686 |   0.0 |       0 |      50 |   0.0 |  1609
           D:9 |       0 |    3276 |   0.0 |       0 |      25 |   0.0 |  1119
          D:10 |       0 |     118 |   0.0 |       0 |       1 |   0.0 |    87
               +---------+---------+-------+---------+---------+-------+---------
